Wolves vs Sewer Rats
Created - 12 octobre 2014 at 00:11
Goals
|
Wolves |
3 |
0 |
1 |
4 |
Sewer Rats |
0 |
1 |
1 |
2 |
|
Shots
|
Wolves |
11 |
13 |
15 |
39 |
Sewer Rats |
12 |
11 |
13 |
36 |
|
1st period
1. Wolves , Mike Zigomanis 8 (Chris Neil, Bruno Gervais) at 14:46
2. Wolves , Mike Zigomanis 9 (Chris Neil) at 15:09 (PP)
3. Wolves , Johan Ryno 3 (Matt Gilroy, Nate Guenin) at 17:04
Penalties :
Jordan Caron (Tol) for Hooking (Minor) at 3:48, John-Michael Liles (Tol) for Fighting (Major) at 13:14, Mike Sislo (Min) for Fighting (Major) at 13:14, Steven Kampfer (Tol) for Interference (Minor) at 14:51
2nd period
4. Sewer Rats , Kyle Turris 3 (John-Michael Liles) at 11:57
Penalties :
Geoff Paukovich (Min) for Tripping (Minor) at 6:06
3rd period
5. Sewer Rats , Mark Mancari 4 (John Erskine) at 11:10
6. Wolves , Mike Zigomanis 10 (Chris Neil, Jonas Junland) at 14:56
Penalties :
Mike Sislo (Min) for Tripping (Minor) at 5:14
Goalie Stats
Jamie Storr (Min), 34 saves from 36 shots - (0,944), W, 5-3-1, 60:00 minutes
Jhonas Enroth (Tol), 35 saves from 39 shots - (0,897), L, 3-1-0, 60:00 minutes
Players Stats for Wolves
Player Name G A P +/- PIM S H SB GA TA FO MP PP MP PK MP
------------------------------------------------------------------------------------
Bruno Gervais 0 1 1 0 0 1 2 2 0 2 0/0 25:48 1:40 0:30
Carl Klingberg 0 0 0 1 0 0 2 1 0 0 0/0 13:42 0:00 1:14
Chris Neil 0 3 3 1 0 5 2 2 0 1 2/2 20:20 1:23 0:00
Chris Terry 0 0 0 0 0 0 0 1 0 0 0/1 7:53 0:00 0:00
Dan Fritsche 0 0 0 0 0 2 1 1 2 1 6/11 18:39 1:12 0:54
Dmitry Kulikov 0 0 0 0 0 5 2 0 1 1 0/0 26:06 1:40 1:23
Geoff Paukovich 0 0 0 0 2 1 4 2 0 0 1/4 15:55 0:54 0:00
Johan Ryno 1 0 1 0 0 3 0 0 0 0 1/1 9:50 0:00 1:50
Jonas Junland 0 1 1 1 0 0 1 2 0 0 0/0 20:21 0:00 2:35
Kevin Veilleux 0 0 0 0 0 0 0 0 0 0 2/4 7:53 0:00 0:00
Marc Methot 0 0 0 1 0 0 1 3 0 1 0/0 19:23 0:00 1:23
Matt Gilroy 0 1 1 0 0 1 1 0 0 0 0/0 13:05 0:37 0:00
Mike Sislo 0 0 0 0 7 3 1 0 1 1 1/3 17:54 1:05 0:00
Mike Zigomanis 3 0 3 1 0 10 0 1 2 0 18/29 20:20 1:23 0:00
Milan Bartovic 0 0 0 0 0 2 1 0 0 0 1/1 15:56 0:00 0:54
Nate Guenin 0 1 1 0 0 2 1 1 0 0 0/0 15:17 0:37 2:05
Nathan Davis 0 0 0 0 0 1 2 0 0 0 4/10 13:43 0:00 1:50
Tim Crowder 0 0 0 0 0 3 1 0 0 0 2/3 13:54 0:54 1:14
Players Stats for Sewer Rats
Player Name G A P +/- PIM S H SB GA TA FO MP PP MP PK MP
------------------------------------------------------------------------------------
Derek Dorsett 0 0 0 -3 0 1 1 1 0 0 1/1 12:31 0:00 0:00
Evan Brophey 0 0 0 -3 0 0 0 0 0 0 3/4 12:12 0:00 0:00
John Erskine 0 1 1 1 0 2 4 0 0 0 0/0 23:30 0:00 1:31
John Lammers 0 0 0 0 0 2 1 0 0 0 2/5 8:24 0:00 0:00
John-Michael Liles 0 1 1 2 5 1 3 1 1 0 0/0 21:59 1:58 1:13
Jonathan Paiement 0 0 0 -2 0 0 1 2 1 0 0/0 15:40 0:00 0:18
Jordan Caron 0 0 0 0 2 1 3 0 0 0 0/0 8:42 0:00 0:00
Kyle Quincey 0 0 0 0 0 4 3 1 0 1 0/0 18:06 2:00 0:00
Kyle Turris 1 0 1 1 0 3 0 1 0 0 14/35 20:46 2:00 0:00
Lars Eller 0 0 0 1 0 1 0 0 2 1 9/16 16:51 1:58 0:49
Mark Mancari 1 0 1 1 0 5 3 0 0 1 0/0 16:02 1:58 0:00
Matt Lashoff 0 0 0 0 0 1 1 2 1 1 0/0 18:42 1:58 0:46
Mattias Ekholm 0 0 0 0 0 0 0 0 0 0 0/0 0:00 0:00 0:00
Max Pacioretty 0 0 0 1 0 4 3 2 0 1 1/2 20:46 2:00 0:00
Nick Palmieri 0 0 0 1 0 4 4 0 1 0 1/5 22:14 2:00 1:28
Patrick Bordeleau 0 0 0 0 0 1 2 0 0 0 0/0 8:24 0:00 0:00
Steven Kampfer 0 0 0 -1 2 0 0 0 0 0 0/0 10:39 2:00 0:00
Tim Ramholt 0 0 0 -2 0 1 0 1 0 0 0/0 11:22 0:00 0:46
Ville Leino 0 0 0 1 0 5 0 2 1 0 0/1 17:30 1:58 1:28
Vojtech Polak 0 0 0 -3 0 0 1 1 0 1 0/0 13:20 0:00 0:49
3 Stars
1 - Mike Zigomanis (Min)
2 - Chris Neil (Min)
3 - Mark Mancari (Tol)
Power Play
Wolves - 1 on 2 Attempt(s) - 50,00%
Sewer Rats - 0 on 2 Attempt(s) - 0,00%
Penalty Kill
Wolves - 2 on 2 Attempt(s) - 100,00%
- Score 0 goal in Penalty Kill
Sewer Rats - 1 on 2 Attempt(s) - 50,00%
- Score 0 goal in Penalty Kill
Official
Referees : Kowal Tom and Marouelli Dan
Linesman : Thor Nelson and Jean Morin
Game Notes
John-Michael Liles and Mike Sislo fight to a draw at 13:14 of 1st period
Mike Zigomanis has scored a Hat Trick!
Finance
Level 1 -- Attendance: 1379 (68,95%) -- Ticket Income 41 370 $
Level 2 -- Attendance: 751 (75,10%) -- Ticket Income 9 012 $
Total Attendance: 2130 (71,00%)
Total Ticket Income: 50 382 $
Other Income: 2 519 $
Total Income: 52 901 $
Wolves
5 vs 5 Forward
Center Left Wing Right Wing Time % Phy DF OF
1 Mike Zigomanis Mike Sislo Chris Neil 40 2 1 2
2 Dan Fritsche Geoff Paukovich Milan Bartovic 30 2 1 2
3 Nathan Davis Carl Klingberg Tim Crowder 20 1 1 3
4 Kevin Veilleux Chris Terry Johan Ryno 10 2 2 1
5 vs 5 Defense
Defense Defense Time % Phy DF OF
1 Bruno Gervais Dmitry Kulikov 40 2 2 1
2 Jonas Junland Marc Methot 30 2 2 1
3 Nate Guenin Matt Gilroy 20 2 2 1
4 Bruno Gervais Dmitry Kulikov 10 2 2 1
PowerPlay Forward
Center Left Wing Right Wing Time % Phy DF OF
1 Mike Zigomanis Mike Sislo Chris Neil 60 0 0 5
2 Dan Fritsche Geoff Paukovich Tim Crowder 40 0 0 5
PowerPlay Defense
Defense Defense Time % Phy DF OF
1 Dmitry Kulikov Bruno Gervais 60 0 2 3
2 Matt Gilroy Nate Guenin 40 0 2 3
Penalty Kill 4 Players Forward
Center Wing Time % Phy DF OF
1 Nathan Davis Johan Ryno 60 1 4 0
2 Milan Bartovic Dan Fritsche 40 1 4 0
Penalty Kill 4 Players Defense
Defense Defense Time % Phy DF OF
1 Jonas Junland Nate Guenin 60 2 3 0
2 Dmitry Kulikov Marc Methot 40 2 3 0
Penalty Kill - 3 Players Forward
Forward Time % Phy DF OF
1 Nathan Davis 60 1 4 0
2 Milan Bartovic 40 1 4 0
Penalty Kill - 3 Players Defense
Defense Defense Time % Phy DF OF
1 Jonas Junland Nate Guenin 60 2 3 0
2 Bruno Gervais Matt Gilroy 40 2 3 0
4 vs 4 Forward
Center Wing Time % Phy DF OF
1 Mike Zigomanis Nathan Davis 60 1 1 3
2 Milan Bartovic Dan Fritsche 40 1 1 3
4 vs 4 Defense
Defense Defense Time % Phy DF OF
1 Matt Gilroy Nate Guenin 60 1 3 1
2 Bruno Gervais Marc Methot 40 1 3 1
Last Minutes Offensive
Center Left Wing Right Wing Defense Defense
Mike Zigomanis Mike Sislo Chris Neil Dmitry Kulikov Bruno Gervais
Last Minutes Defensive
Center Left Wing Right Wing Defense Defense
Dan Fritsche Mike Sislo Milan Bartovic Jonas Junland Nate Guenin
Goaltenders
Starting : Jamie Storr
Backup : Loïc Lacasse
Extra Forwards
Normal : Chris Neil, Dan Fritsche, Mike Zigomanis - PP : Mike Zigomanis, Dan Fritsche - PK : Tim Crowder
Extra Defensemen
Normal : Dmitry Kulikov, Bruno Gervais, Marc Methot - PP : Dmitry Kulikov - PK : Jonas Junland, Nate Guenin
Penalty Shots
Chris Neil, Mike Sislo, Milan Bartovic, Dan Fritsche, Nathan Davis
Sewer Rats
5 vs 5 Forward
Center Left Wing Right Wing Time % Phy DF OF
1 Kyle Turris Max Pacioretty Nick Palmieri 40 1 2 2
2 Lars Eller Ville Leino Mark Mancari 30 1 2 2
3 Evan Brophey Vojtech Polak Derek Dorsett 20 1 2 2
4 John Lammers Patrick Bordeleau Jordan Caron 10 1 2 2
5 vs 5 Defense
Defense Defense Time % Phy DF OF
1 John-Michael Liles John Erskine 40 1 2 2
2 Matt Lashoff Kyle Quincey 30 1 2 2
3 Tim Ramholt Jonathan Paiement 20 1 2 2
4 Jonathan Paiement Steven Kampfer 10 1 2 2
PowerPlay Forward
Center Left Wing Right Wing Time % Phy DF OF
1 Kyle Turris Max Pacioretty Nick Palmieri 60 1 2 2
2 Lars Eller Ville Leino Mark Mancari 40 1 2 2
PowerPlay Defense
Defense Defense Time % Phy DF OF
1 John-Michael Liles Matt Lashoff 60 1 2 2
2 Steven Kampfer Kyle Quincey 40 1 2 2
Penalty Kill 4 Players Forward
Center Wing Time % Phy DF OF
1 Nick Palmieri Ville Leino 60 1 2 2
2 Lars Eller Vojtech Polak 40 1 2 2
Penalty Kill 4 Players Defense
Defense Defense Time % Phy DF OF
1 John-Michael Liles John Erskine 60 1 2 2
2 Matt Lashoff Tim Ramholt 40 1 2 2
Penalty Kill - 3 Players Forward
Forward Time % Phy DF OF
1 Max Pacioretty 60 1 2 2
2 Ville Leino 40 1 2 2
Penalty Kill - 3 Players Defense
Defense Defense Time % Phy DF OF
1 Tim Ramholt John Erskine 60 1 2 2
2 Matt Lashoff John-Michael Liles 40 1 2 2
4 vs 4 Forward
Center Wing Time % Phy DF OF
1 Max Pacioretty Ville Leino 60 1 2 2
2 Nick Palmieri Mark Mancari 40 1 2 2
4 vs 4 Defense
Defense Defense Time % Phy DF OF
1 John-Michael Liles John Erskine 60 1 2 2
2 Matt Lashoff Kyle Quincey 40 1 2 2
Last Minutes Offensive
Center Left Wing Right Wing Defense Defense
Kyle Turris Max Pacioretty Mark Mancari John-Michael Liles Matt Lashoff
Last Minutes Defensive
Center Left Wing Right Wing Defense Defense
Kyle Turris Max Pacioretty Nick Palmieri Matt Lashoff John Erskine
Goaltenders
Starting : Jhonas Enroth
Backup : Semyon Varlamov
Extra Forwards
Normal : Vojtech Polak, Derek Dorsett, Max Pacioretty - PP : Vojtech Polak, Derek Dorsett - PK : Max Pacioretty
Extra Defensemen
Normal : Steven Kampfer, Jonathan Paiement, Matt Lashoff - PP : Steven Kampfer - PK : Jonathan Paiement, Matt Lashoff
Penalty Shots
Max Pacioretty, Ville Leino, Kyle Turris, Jordan Caron, Vojtech Polak
% Time on Ice - Wolves
Lines # - Real PCT - Wanted PCT - Time Play
Normal Forward
1 - 35% - 40% - 19:04
2 - 28% - 30% - 15:02
3 - 22% - 20% - 11:46
4 - 15% - 10% - 7:53
Normal Defense
1 - 39% - 40% - 20:47
2 - 33% - 30% - 17:32
3 - 23% - 20% - 12:28
4 - 6% - 10% - 2:58
PP Forward
1 - 61% - 60% - 1:23
2 - 39% - 40% - 0:54
PP Defense
1 - 73% - 60% - 1:40
2 - 27% - 40% - 0:37
PK Forward
1 - 77% - 60% - 3:04
2 - 23% - 40% - 0:54
PK Defense
1 - 65% - 60% - 2:35
2 - 35% - 40% - 1:23
PK3 Forward
1 - 0% - 60%
2 - 0% - 40%
PK3 Defense
1 - 0% - 60%
2 - 0% - 40%
44 Forward
1 - 0% - 60%
2 - 0% - 40%
44 Defense
1 - 0% - 60%
2 - 0% - 40%
Last Minute Offensive - 0:00
Last Minute Defensive - 0:00
Total
Forward - 60:00
Defense - 60:00
|
% Time on Ice - Sewer Rats
Lines # - Real PCT - Wanted PCT - Time Play
Normal Forward
1 - 36% - 40% - 19:05
2 - 26% - 30% - 14:04
3 - 23% - 20% - 12:12
4 - 16% - 10% - 8:24
Normal Defense
1 - 41% - 40% - 22:17
2 - 30% - 30% - 16:06
3 - 20% - 20% - 10:36
4 - 9% - 10% - 4:46
PP Forward
1 - 50% - 60% - 2:00
2 - 50% - 40% - 1:58
PP Defense
1 - 50% - 60% - 1:58
2 - 50% - 40% - 2:00
PK Forward
1 - 64% - 60% - 1:28
2 - 36% - 40% - 0:49
PK Defense
1 - 66% - 60% - 1:31
2 - 34% - 40% - 0:46
PK3 Forward
1 - 0% - 60%
2 - 0% - 40%
PK3 Defense
1 - 0% - 60%
2 - 0% - 40%
44 Forward
1 - 0% - 60%
2 - 0% - 40%
44 Defense
1 - 0% - 60%
2 - 0% - 40%
Last Minute Offensive - 0:00
Last Minute Defensive - 0:00
Total
Forward - 60:00
Defense - 60:00
|
Play by Play
1st period
0:01 of 1st period - Mike Zigomanis wins face-off versus Max Pacioretty in neutral zone.
0:06 of 1st period - Slapshot by Mike Zigomanis.
0:06 of 1st period - Shot Blocked by John-Michael Liles.
0:51 of 1st period - Tim Crowder is hit by Matt Lashoff and loses puck.
2:26 of 1st period - Off-side.
2:27 of 1st period - Mike Zigomanis wins face-off versus Kyle Turris in neutral zone.
2:38 of 1st period - Snap shot by Mike Zigomanis.
2:38 of 1st period - Stopped by Jhonas Enroth with a rebound.
2:40 of 1st period - Slapshot by Bruno Gervais.
2:40 of 1st period - Shot Blocked by Kyle Turris.
3:48 of 1st period - Minor Penalty to Jordan Caron for Hooking.
3:49 of 1st period - Chris Neil wins face-off versus Nick Palmieri in Sewer Rats zone.
4:16 of 1st period - Ville Leino is hit by Tim Crowder.
4:20 of 1st period - Bruno Gervais is hit by Nick Palmieri and loses puck.
4:40 of 1st period - Icing by Matt Gilroy.
4:41 of 1st period - Mike Zigomanis wins face-off versus Nick Palmieri in Wolves zone.
5:40 of 1st period - Icing by Mike Sislo.
5:41 of 1st period - Mike Zigomanis wins face-off versus Lars Eller in Wolves zone.
5:48 of 1st period - Penalty to Jordan Caron is over, Jordan Caron is back on ice.
6:48 of 1st period - Marc Methot is hit by Patrick Bordeleau.
6:52 of 1st period - Jonas Junland is hit by Jordan Caron and loses puck.
7:09 of 1st period - Chris Neil is hit by Max Pacioretty and loses puck.
7:29 of 1st period - Icing by Kyle Quincey.
7:30 of 1st period - Evan Brophey wins face-off versus Kevin Veilleux in Sewer Rats zone.
7:32 of 1st period - Icing by Vojtech Polak.
7:33 of 1st period - Kevin Veilleux wins face-off versus Lars Eller in Sewer Rats zone.
7:34 of 1st period - Wrist shot by Johan Ryno.
7:34 of 1st period - Shot Blocked by Ville Leino.
7:40 of 1st period - Wrist shot by Ville Leino.
7:40 of 1st period - Stopped by Jamie Storr without a rebound.
7:41 of 1st period - Chris Neil wins face-off versus Kyle Turris in Wolves zone.
7:50 of 1st period - Backhand shot by Mike Zigomanis.
7:50 of 1st period - Stopped by Jhonas Enroth without a rebound.
7:51 of 1st period - Mike Zigomanis wins face-off versus Kyle Turris in Sewer Rats zone.
7:58 of 1st period - Slapshot by Mike Zigomanis.
7:58 of 1st period - Stopped by Jhonas Enroth without a rebound.
7:59 of 1st period - Kyle Turris wins face-off versus Mike Sislo in Sewer Rats zone.
8:24 of 1st period - Nick Palmieri is hit by Carl Klingberg and loses puck.
8:33 of 1st period - Slapshot by Nick Palmieri.
8:33 of 1st period - Stopped by Jamie Storr with a rebound.
9:32 of 1st period - Snap shot by Nick Palmieri.
9:32 of 1st period - Stopped by Jamie Storr with a rebound.
9:38 of 1st period - Snap shot by Nick Palmieri.
9:38 of 1st period - Shot Misses the Net.
10:23 of 1st period - Vojtech Polak is hit by Geoff Paukovich and loses puck.
10:38 of 1st period - Dmitry Kulikov is hit by Patrick Bordeleau and loses puck.
11:44 of 1st period - Off-side.
11:45 of 1st period - Derek Dorsett wins face-off versus Mike Sislo in neutral zone.
11:52 of 1st period - Slapshot by John-Michael Liles.
11:52 of 1st period - Shot Misses the Net.
12:19 of 1st period - Wrist shot by Dan Fritsche.
12:19 of 1st period - Shot Blocked by Tim Ramholt.
12:21 of 1st period - Snap shot by Milan Bartovic.
12:21 of 1st period - Shot Blocked by Ville Leino.
12:33 of 1st period - Wrist shot by John Lammers.
12:33 of 1st period - Stopped by Jamie Storr without a rebound.
12:34 of 1st period - John Lammers wins face-off versus Nathan Davis in Wolves zone.
13:03 of 1st period - Snap shot by Nathan Davis.
13:03 of 1st period - Shot Misses the Net.
13:05 of 1st period - Slapshot by Dmitry Kulikov.
13:05 of 1st period - Stopped by Jhonas Enroth without a rebound.
13:06 of 1st period - Mike Zigomanis wins face-off versus Kyle Turris in Sewer Rats zone.
13:14 of 1st period - John-Michael Liles and Mike Sislo fight to a draw.
13:14 of 1st period - Penalty to John-Michael Liles for Fighting.
13:14 of 1st period - Penalty to Mike Sislo for Fighting.
13:15 of 1st period - Kyle Turris wins face-off versus Mike Zigomanis in Wolves zone.
13:16 of 1st period - Wrist shot by Nick Palmieri.
13:16 of 1st period - Shot Misses the Net.
13:18 of 1st period - Wrist shot by Nick Palmieri.
13:18 of 1st period - Shot Blocked by Bruno Gervais.
13:20 of 1st period - Snap shot by Max Pacioretty.
13:20 of 1st period - Stopped by Jamie Storr without a rebound.
13:21 of 1st period - Mike Zigomanis wins face-off versus Kyle Turris in Wolves zone.
13:46 of 1st period - Snap shot by Tim Crowder.
13:46 of 1st period - Stopped by Jhonas Enroth with a rebound.
13:48 of 1st period - Slapshot by Dmitry Kulikov.
13:48 of 1st period - Deflect By Lars Eller.
13:48 of 1st period - Stopped by Jhonas Enroth without a rebound.
13:49 of 1st period - Lars Eller wins face-off versus Nathan Davis in Sewer Rats zone.
13:49 of 1st period - Lars Eller is hit by Marc Methot.
13:59 of 1st period - Snap shot by Mark Mancari.
13:59 of 1st period - Stopped by Jamie Storr with a rebound.
14:01 of 1st period - Wrist shot by Mark Mancari.
14:01 of 1st period - Shot Misses the Net.
14:11 of 1st period - Snap shot by Ville Leino.
14:11 of 1st period - Stopped by Jamie Storr without a rebound.
14:12 of 1st period - Dan Fritsche wins face-off versus Kyle Turris in Wolves zone.
14:37 of 1st period - Bruno Gervais is hit by John Erskine and loses puck.
14:46 of 1st period - Snap shot by Mike Zigomanis.
14:46 of 1st period - Goal by Mike Zigomanis - Wolves : 1 - Sewer Rats : 0.
14:47 of 1st period - Mike Zigomanis wins face-off versus Kyle Turris in neutral zone.
14:51 of 1st period - Minor Penalty to Steven Kampfer for Interference.
14:52 of 1st period - Nick Palmieri wins face-off versus Mike Zigomanis in Sewer Rats zone.
15:00 of 1st period - Off-side.
15:01 of 1st period - Dan Fritsche wins face-off versus Nick Palmieri in neutral zone.
15:04 of 1st period - Ville Leino is hit by Dmitry Kulikov and loses puck.
15:09 of 1st period - Snap shot by Mike Zigomanis.
15:09 of 1st period - Goal by Mike Zigomanis - Wolves : 2 - Sewer Rats : 0.
15:10 of 1st period - Mike Zigomanis wins face-off versus Kyle Turris in neutral zone.
15:18 of 1st period - Snap shot by Nick Palmieri.
15:18 of 1st period - Shot Blocked by Chris Neil.
15:20 of 1st period - Snap shot by John Erskine.
15:20 of 1st period - Shot Misses the Net.
15:22 of 1st period - Wrist shot by Kyle Turris.
15:22 of 1st period - Shot Misses the Net.
15:49 of 1st period - Slapshot by John Erskine.
15:49 of 1st period - Stopped by Jamie Storr with a rebound.
16:07 of 1st period - Wrist shot by Lars Eller.
16:07 of 1st period - Shot Blocked by Chris Neil.
16:09 of 1st period - Wrist shot by John Erskine.
16:09 of 1st period - Deflect By Ville Leino.
16:09 of 1st period - Shot Misses the Net.
16:09 of 1st period - Puck is out of play.
16:10 of 1st period - Tim Crowder wins face-off versus Kyle Turris in Wolves zone.
16:15 of 1st period - Wrist shot by Kyle Turris.
16:15 of 1st period - Stopped by Jamie Storr with a rebound.
16:20 of 1st period - Off-side.
16:21 of 1st period - Kyle Turris wins face-off versus Chris Terry in neutral zone.
16:24 of 1st period - Marc Methot is hit by Nick Palmieri and loses puck.
16:31 of 1st period - Snap shot by Max Pacioretty.
16:31 of 1st period - Shot Misses the Net.
16:33 of 1st period - Snap shot by Kyle Turris.
16:33 of 1st period - Shot Misses the Net.
16:35 of 1st period - Slapshot by Tim Ramholt.
16:35 of 1st period - Shot Blocked by Jonas Junland.
16:37 of 1st period - Slapshot by Jonathan Paiement.
16:37 of 1st period - Shot Blocked by Marc Methot.
16:56 of 1st period - Snap shot by Johan Ryno.
16:56 of 1st period - Stopped by Jhonas Enroth with a rebound.
17:00 of 1st period - Slapshot by Nate Guenin.
17:00 of 1st period - Shot Misses the Net.
17:04 of 1st period - Wrist shot by Johan Ryno.
17:04 of 1st period - Goal by Johan Ryno - Wolves : 3 - Sewer Rats : 0.
17:05 of 1st period - Geoff Paukovich wins face-off versus Lars Eller in neutral zone.
17:30 of 1st period - Bruno Gervais is hit by Nick Palmieri and loses puck.
17:57 of 1st period - Snap shot by Johan Ryno.
17:57 of 1st period - Shot Misses the Net.
18:09 of 1st period - Slapshot by Max Pacioretty.
18:09 of 1st period - Shot Misses the Net.
18:11 of 1st period - Slapshot by Max Pacioretty.
18:11 of 1st period - Stopped by Jamie Storr with a rebound.
18:17 of 1st period - Snap shot by Max Pacioretty.
18:17 of 1st period - Stopped by Jamie Storr without a rebound.
18:18 of 1st period - Dan Fritsche wins face-off versus Lars Eller in Wolves zone.
18:21 of 1st period - Snap shot by Ville Leino.
18:21 of 1st period - Stopped by Jamie Storr without a rebound.
18:22 of 1st period - Lars Eller wins face-off versus Geoff Paukovich in Wolves zone.
18:27 of 1st period - Wrist shot by Lars Eller.
18:27 of 1st period - Shot Misses the Net.
18:54 of 1st period - Snap shot by Chris Neil.
18:54 of 1st period - Shot Blocked by Vojtech Polak.
18:56 of 1st period - Slapshot by Bruno Gervais.
18:56 of 1st period - Deflect By Chris Neil.
18:56 of 1st period - Shot Blocked by Derek Dorsett.
18:56 of 1st period - Puck is out of play.
18:57 of 1st period - Lars Eller wins face-off versus Dan Fritsche in Sewer Rats zone.
19:02 of 1st period - Snap shot by Mark Mancari.
19:02 of 1st period - Shot Blocked by Geoff Paukovich.
19:04 of 1st period - Wrist shot by Tim Ramholt.
19:04 of 1st period - Shot Blocked by Dan Fritsche.
19:29 of 1st period - Snap shot by Max Pacioretty.
19:29 of 1st period - Shot Blocked by Mike Zigomanis.
19:31 of 1st period - Slapshot by Nick Palmieri.
19:31 of 1st period - Shot Misses the Net.
19:47 of 1st period - Wrist shot by Tim Crowder.
19:47 of 1st period - Stopped by Jhonas Enroth without a rebound.
19:48 of 1st period - Lars Eller wins face-off versus Nathan Davis in Sewer Rats zone.
Goals for this period are 3 for Wolves vs 0 for Sewer Rats.
Shots for this period are 11 for Wolves vs 12 for Sewer Rats.
2nd period
0:01 of 2nd period - Max Pacioretty wins face-off versus Geoff Paukovich in neutral zone.
0:08 of 2nd period - Dmitry Kulikov is hit by John-Michael Liles and loses puck.
0:25 of 2nd period - Dan Fritsche is hit by John Erskine and loses puck.
0:58 of 2nd period - Slapshot by Dan Fritsche.
0:58 of 2nd period - Shot Misses the Net.
1:18 of 2nd period - Snap shot by Milan Bartovic.
1:18 of 2nd period - Stopped by Jhonas Enroth without a rebound.
1:19 of 2nd period - Mike Zigomanis wins face-off versus Kyle Turris in Sewer Rats zone.
1:20 of 2nd period - Snap shot by Chris Neil.
1:20 of 2nd period - Shot Misses the Net.
1:34 of 2nd period - Snap shot by Max Pacioretty.
1:34 of 2nd period - Deflect By Nick Palmieri.
1:34 of 2nd period - Stopped by Jamie Storr without a rebound.
1:35 of 2nd period - Tim Crowder wins face-off versus Lars Eller in Wolves zone.
1:35 of 2nd period - Tim Crowder is hit by Mark Mancari.
1:51 of 2nd period - Snap shot by Mark Mancari.
1:51 of 2nd period - Stopped by Jamie Storr with a rebound.
2:11 of 2nd period - Snap shot by Mike Zigomanis.
2:11 of 2nd period - Stopped by Jhonas Enroth without a rebound.
2:12 of 2nd period - Lars Eller wins face-off versus Mike Zigomanis in Sewer Rats zone.
2:18 of 2nd period - Icing by Nate Guenin.
2:19 of 2nd period - Lars Eller wins face-off versus Mike Zigomanis in Wolves zone.
2:20 of 2nd period - Snap shot by Ville Leino.
2:20 of 2nd period - Stopped by Jamie Storr with a rebound.
2:54 of 2nd period - Wrist shot by Kyle Turris.
2:54 of 2nd period - Shot Misses the Net.
3:08 of 2nd period - Dmitry Kulikov is hit by Jonathan Paiement and loses puck.
3:29 of 2nd period - Wrist shot by Mike Sislo.
3:29 of 2nd period - Stopped by Jhonas Enroth without a rebound.
3:30 of 2nd period - Mike Sislo wins face-off versus Evan Brophey in Sewer Rats zone.
3:39 of 2nd period - Snap shot by Mike Sislo.
3:39 of 2nd period - Shot Misses the Net.
4:24 of 2nd period - Off-side.
4:25 of 2nd period - Lars Eller wins face-off versus Tim Crowder in neutral zone.
4:52 of 2nd period - Nathan Davis is hit by Jordan Caron and loses puck.
5:09 of 2nd period - Wrist shot by Tim Crowder.
5:09 of 2nd period - Stopped by Jhonas Enroth with a rebound.
5:11 of 2nd period - Slapshot by Matt Gilroy.
5:11 of 2nd period - Shot Blocked by Matt Lashoff.
5:13 of 2nd period - Snap shot by Nathan Davis.
5:13 of 2nd period - Stopped by Jhonas Enroth without a rebound.
5:14 of 2nd period - Kyle Turris wins face-off versus Mike Zigomanis in Sewer Rats zone.
5:14 of 2nd period - Kyle Turris is hit by Mike Sislo.
5:23 of 2nd period - Off-side.
5:24 of 2nd period - Kyle Turris wins face-off versus Mike Zigomanis in neutral zone.
5:59 of 2nd period - Slapshot by Max Pacioretty.
5:59 of 2nd period - Stopped by Jamie Storr with a rebound.
6:01 of 2nd period - Wrist shot by Nick Palmieri.
6:01 of 2nd period - Stopped by Jamie Storr without a rebound.
6:02 of 2nd period - Lars Eller wins face-off versus Dan Fritsche in Wolves zone.
6:06 of 2nd period - Minor Penalty to Geoff Paukovich for Tripping.
6:07 of 2nd period - Nathan Davis wins face-off versus Kyle Turris in Wolves zone.
6:16 of 2nd period - Jonas Junland is hit by Max Pacioretty and loses puck.
6:23 of 2nd period - Snap shot by Max Pacioretty.
6:23 of 2nd period - Shot Blocked by Nate Guenin.
6:39 of 2nd period - Backhand shot by Mark Mancari.
6:39 of 2nd period - Shot Misses the Net.
6:41 of 2nd period - Snap shot by Mark Mancari.
6:41 of 2nd period - Stopped by Jamie Storr with a rebound.
7:53 of 2nd period - Dan Fritsche is hit by Kyle Quincey and loses puck.
8:06 of 2nd period - Penalty to Geoff Paukovich is over, Geoff Paukovich is back on ice.
8:22 of 2nd period - Mike Sislo is hit by Derek Dorsett and loses puck.
9:01 of 2nd period - Wrist shot by Johan Ryno.
9:01 of 2nd period - Shot Blocked by Jonathan Paiement.
9:16 of 2nd period - Mike Sislo is hit by Vojtech Polak and loses puck.
9:53 of 2nd period - Ville Leino is hit by Bruno Gervais and loses puck.
10:06 of 2nd period - Slapshot by Mark Mancari.
10:06 of 2nd period - Shot Blocked by Marc Methot.
10:14 of 2nd period - Derek Dorsett is hit by Nathan Davis and loses puck.
10:37 of 2nd period - John Erskine is hit by Dan Fritsche and loses puck.
11:37 of 2nd period - Lars Eller is hit by Chris Neil and loses puck.
11:51 of 2nd period - Off-side.
11:52 of 2nd period - Kyle Turris wins face-off versus Kevin Veilleux in neutral zone.
11:55 of 2nd period - Backhand shot by John-Michael Liles.
11:55 of 2nd period - Shot Misses the Net.
11:57 of 2nd period - Slapshot by Kyle Turris.
11:57 of 2nd period - Goal by Kyle Turris - Wolves : 3 - Sewer Rats : 1.
11:58 of 2nd period - Kyle Turris wins face-off versus Mike Zigomanis in neutral zone.
12:11 of 2nd period - Snap shot by Mike Sislo.
12:11 of 2nd period - Shot Misses the Net.
12:13 of 2nd period - Snap shot by Bruno Gervais.
12:13 of 2nd period - Shot Blocked by Max Pacioretty.
12:23 of 2nd period - John Erskine is hit by Geoff Paukovich and loses puck.
12:46 of 2nd period - Snap shot by Johan Ryno.
12:46 of 2nd period - Stopped by Jhonas Enroth without a rebound.
12:47 of 2nd period - Johan Ryno wins face-off versus Kyle Turris in Sewer Rats zone.
12:48 of 2nd period - Slapshot by Dmitry Kulikov.
12:48 of 2nd period - Stopped by Jhonas Enroth with a rebound.
13:23 of 2nd period - Snap shot by Mike Zigomanis.
13:23 of 2nd period - Stopped by Jhonas Enroth without a rebound.
13:24 of 2nd period - Kyle Turris wins face-off versus Dan Fritsche in Sewer Rats zone.
13:24 of 2nd period - Kyle Turris is hit by Geoff Paukovich.
13:42 of 2nd period - Dan Fritsche is hit by Max Pacioretty and loses puck.
14:03 of 2nd period - Snap shot by Mike Zigomanis.
14:03 of 2nd period - Stopped by Jhonas Enroth without a rebound.
14:04 of 2nd period - Evan Brophey wins face-off versus Nathan Davis in Sewer Rats zone.
14:20 of 2nd period - Wrist shot by Derek Dorsett.
14:20 of 2nd period - Stopped by Jamie Storr without a rebound.
14:21 of 2nd period - Mike Zigomanis wins face-off versus Kyle Turris in Wolves zone.
14:21 of 2nd period - Mike Zigomanis is hit by John-Michael Liles.
14:31 of 2nd period - Wrist shot by Chris Neil.
14:31 of 2nd period - Stopped by Jhonas Enroth with a rebound.
14:33 of 2nd period - Snap shot by Mike Sislo.
14:33 of 2nd period - Stopped by Jhonas Enroth without a rebound.
14:34 of 2nd period - Kyle Turris wins face-off versus Mike Zigomanis in Sewer Rats zone.
15:22 of 2nd period - Wrist shot by Patrick Bordeleau.
15:22 of 2nd period - Stopped by Jamie Storr without a rebound.
15:23 of 2nd period - Nathan Davis wins face-off versus John Lammers in Wolves zone.
15:23 of 2nd period - Nathan Davis is hit by Jordan Caron.
15:51 of 2nd period - Slapshot by John Lammers.
15:51 of 2nd period - Shot Misses the Net.
15:53 of 2nd period - Backhand shot by Kyle Quincey.
15:53 of 2nd period - Stopped by Jamie Storr with a rebound.
16:05 of 2nd period - Slapshot by Matt Lashoff.
16:05 of 2nd period - Stopped by Jamie Storr without a rebound.
16:06 of 2nd period - Kyle Turris wins face-off versus Mike Zigomanis in Wolves zone.
16:33 of 2nd period - Ville Leino is hit by Geoff Paukovich and loses puck.
17:32 of 2nd period - Off-side.
17:33 of 2nd period - Mike Zigomanis wins face-off versus John Lammers in neutral zone.
17:36 of 2nd period - Snap shot by Mike Sislo.
17:36 of 2nd period - Stopped by Jhonas Enroth with a rebound.
17:58 of 2nd period - Tim Ramholt is hit by Dmitry Kulikov and loses puck.
18:33 of 2nd period - Tim Ramholt is hit by Carl Klingberg and loses puck.
18:53 of 2nd period - Wrist shot by Dmitry Kulikov.
18:53 of 2nd period - Stopped by Jhonas Enroth with a rebound.
19:11 of 2nd period - Chris Neil is hit by Kyle Quincey and loses puck.
Goals for this period are 0 for Wolves vs 1 for Sewer Rats.
Shots for this period are 13 for Wolves vs 11 for Sewer Rats.
3rd period
0:01 of 3rd period - Mike Zigomanis wins face-off versus Kyle Turris in neutral zone.
0:06 of 3rd period - Wrist shot by Chris Neil.
0:06 of 3rd period - Stopped by Jhonas Enroth without a rebound.
0:07 of 3rd period - Kyle Turris wins face-off versus Mike Zigomanis in Sewer Rats zone.
1:42 of 3rd period - Wrist shot by Chris Neil.
1:42 of 3rd period - Stopped by Jhonas Enroth with a rebound.
1:44 of 3rd period - Slapshot by Matt Gilroy.
1:44 of 3rd period - Shot Blocked by Matt Lashoff.
2:09 of 3rd period - Snap shot by Dan Fritsche.
2:09 of 3rd period - Shot Misses the Net.
2:49 of 3rd period - Chris Neil is hit by John Erskine.
3:07 of 3rd period - Nate Guenin is hit by John Lammers and loses puck.
3:22 of 3rd period - Ville Leino is hit by Nathan Davis and loses puck.
3:43 of 3rd period - Icing by Tim Crowder.
3:44 of 3rd period - Evan Brophey wins face-off versus Nathan Davis in Wolves zone.
3:45 of 3rd period - Snap shot by Vojtech Polak.
3:45 of 3rd period - Shot Misses the Net.
3:53 of 3rd period - Snap shot by Derek Dorsett.
3:53 of 3rd period - Shot Misses the Net.
3:59 of 3rd period - Wrist shot by Derek Dorsett.
3:59 of 3rd period - Shot Blocked by Carl Klingberg.
4:12 of 3rd period - Snap shot by Mike Zigomanis.
4:12 of 3rd period - Shot Blocked by Max Pacioretty.
4:32 of 3rd period - Slapshot by Mark Mancari.
4:32 of 3rd period - Stopped by Jamie Storr without a rebound.
4:33 of 3rd period - Dan Fritsche wins face-off versus Lars Eller in Wolves zone.
5:14 of 3rd period - Minor Penalty to Mike Sislo for Tripping.
5:15 of 3rd period - Nathan Davis wins face-off versus Kyle Turris in Wolves zone.
5:28 of 3rd period - Snap shot by Kyle Turris.
5:28 of 3rd period - Shot Misses the Net.
5:30 of 3rd period - Slapshot by John-Michael Liles.
5:30 of 3rd period - Shot Misses the Net.
7:01 of 3rd period - Tim Crowder is hit by Nick Palmieri and loses puck.
7:14 of 3rd period - Penalty to Mike Sislo is over, Mike Sislo is back on ice.
7:48 of 3rd period - Slapshot by Tim Ramholt.
7:48 of 3rd period - Stopped by Jamie Storr with a rebound.
7:50 of 3rd period - Wrist shot by Jordan Caron.
7:50 of 3rd period - Stopped by Jamie Storr without a rebound.
7:51 of 3rd period - John Lammers wins face-off versus Dan Fritsche in Wolves zone.
8:18 of 3rd period - Vojtech Polak is hit by Milan Bartovic.
8:26 of 3rd period - Wrist shot by Dan Fritsche.
8:26 of 3rd period - Shot Misses the Net.
8:28 of 3rd period - Backhand shot by Geoff Paukovich.
8:28 of 3rd period - Shot Blocked by Jonathan Paiement.
8:40 of 3rd period - Snap shot by Kyle Turris.
8:40 of 3rd period - Stopped by Jamie Storr without a rebound.
8:41 of 3rd period - Mike Zigomanis wins face-off versus Kyle Turris in Wolves zone.
8:46 of 3rd period - Slapshot by Bruno Gervais.
8:46 of 3rd period - Stopped by Jhonas Enroth without a rebound.
8:47 of 3rd period - Kyle Turris wins face-off versus Mike Zigomanis in Sewer Rats zone.
8:47 of 3rd period - Kyle Turris is hit by Chris Neil.
9:57 of 3rd period - Backhand shot by Dan Fritsche.
9:57 of 3rd period - Stopped by Jhonas Enroth with a rebound.
10:19 of 3rd period - Snap shot by Ville Leino.
10:19 of 3rd period - Shot Misses the Net.
10:23 of 3rd period - Snap shot by Ville Leino.
10:23 of 3rd period - Stopped by Jamie Storr with a rebound.
10:57 of 3rd period - Snap shot by Derek Dorsett.
10:57 of 3rd period - Shot Blocked by Bruno Gervais.
10:59 of 3rd period - Slapshot by John-Michael Liles.
10:59 of 3rd period - Stopped by Jamie Storr with a rebound.
11:01 of 3rd period - Backhand shot by John Erskine.
11:01 of 3rd period - Stopped by Jamie Storr without a rebound.
11:02 of 3rd period - Mike Zigomanis wins face-off versus Lars Eller in Wolves zone.
11:10 of 3rd period - Snap shot by Mark Mancari.
11:10 of 3rd period - Goal by Mark Mancari - Wolves : 3 - Sewer Rats : 2.
11:11 of 3rd period - Mike Zigomanis wins face-off versus Nick Palmieri in neutral zone.
11:14 of 3rd period - Max Pacioretty is hit by Jonas Junland and loses puck.
11:25 of 3rd period - Snap shot by Chris Neil.
11:25 of 3rd period - Stopped by Jhonas Enroth with a rebound.
11:27 of 3rd period - Wrist shot by Mike Zigomanis.
11:27 of 3rd period - Stopped by Jhonas Enroth without a rebound.
11:28 of 3rd period - Lars Eller wins face-off versus Geoff Paukovich in Sewer Rats zone.
11:40 of 3rd period - Snap shot by Lars Eller.
11:40 of 3rd period - Stopped by Jamie Storr with a rebound.
11:42 of 3rd period - Snap shot by Lars Eller.
11:42 of 3rd period - Shot Misses the Net.
11:44 of 3rd period - Slapshot by John-Michael Liles.
11:44 of 3rd period - Deflect By Ville Leino.
11:44 of 3rd period - Shot Blocked by Marc Methot.
11:44 of 3rd period - Puck is out of play.
11:45 of 3rd period - Mike Zigomanis wins face-off versus Kyle Turris in Wolves zone.
11:45 of 3rd period - Mike Zigomanis is hit by John-Michael Liles.
12:04 of 3rd period - Icing by Marc Methot.
12:05 of 3rd period - Mike Zigomanis wins face-off versus Ville Leino in Wolves zone.
12:32 of 3rd period - Snap shot by Chris Neil.
12:32 of 3rd period - Shot Blocked by Kyle Quincey.
12:34 of 3rd period - Backhand shot by Mike Zigomanis.
12:34 of 3rd period - Deflect By Mike Sislo.
12:34 of 3rd period - Shot Misses the Net.
12:34 of 3rd period - Puck is out of play.
12:35 of 3rd period - Dan Fritsche wins face-off versus Kyle Turris in Sewer Rats zone.
12:36 of 3rd period - Slapshot by Milan Bartovic.
12:36 of 3rd period - Stopped by Jhonas Enroth without a rebound.
12:37 of 3rd period - Milan Bartovic wins face-off versus Kyle Turris in Sewer Rats zone.
13:02 of 3rd period - John Erskine is hit by Bruno Gervais and loses puck.
13:33 of 3rd period - Slapshot by Kyle Quincey.
13:33 of 3rd period - Shot Blocked by Jonas Junland.
14:50 of 3rd period - Backhand shot by Mike Zigomanis.
14:50 of 3rd period - Shot Misses the Net.
14:52 of 3rd period - Slapshot by Chris Neil.
14:52 of 3rd period - Stopped by Jhonas Enroth with a rebound.
14:54 of 3rd period - Slapshot by Jonas Junland.
14:54 of 3rd period - Shot Misses the Net.
14:56 of 3rd period - Slapshot by Chris Neil.
14:56 of 3rd period - Deflect By Mike Zigomanis.
14:56 of 3rd period - Goal by Mike Zigomanis - Wolves : 4 - Sewer Rats : 2.
14:57 of 3rd period - Kyle Turris wins face-off versus Dan Fritsche in neutral zone.
15:24 of 3rd period - Carl Klingberg is hit by Mark Mancari and loses puck.
15:47 of 3rd period - John-Michael Liles is hit by Matt Gilroy and loses puck.
15:52 of 3rd period - Slapshot by Nate Guenin.
15:52 of 3rd period - Stopped by Jhonas Enroth with a rebound.
16:11 of 3rd period - Off-side.
16:12 of 3rd period - Dan Fritsche wins face-off versus John Lammers in neutral zone.
16:22 of 3rd period - Slapshot by Matt Lashoff.
16:22 of 3rd period - Shot Blocked by Geoff Paukovich.
16:24 of 3rd period - Wrist shot by Kyle Quincey.
16:24 of 3rd period - Deflect By Dmitry Kulikov.
16:24 of 3rd period - Stopped by Jamie Storr with a rebound.
16:26 of 3rd period - Slapshot by Kyle Quincey.
16:26 of 3rd period - Stopped by Jamie Storr with a rebound.
16:28 of 3rd period - Slapshot by Kyle Quincey.
16:28 of 3rd period - Stopped by Jamie Storr with a rebound.
16:50 of 3rd period - Snap shot by John Lammers.
16:50 of 3rd period - Stopped by Jamie Storr without a rebound.
16:51 of 3rd period - Nathan Davis wins face-off versus Kyle Turris in Wolves zone.
17:16 of 3rd period - Matt Gilroy is hit by Kyle Quincey and loses puck.
17:31 of 3rd period - Jonathan Paiement is hit by Nate Guenin and loses puck.
17:42 of 3rd period - Geoff Paukovich is hit by Mark Mancari and loses puck.
17:57 of 3rd period - Slapshot by John-Michael Liles.
17:57 of 3rd period - Deflect By Kyle Turris.
17:57 of 3rd period - Shot Blocked by Chris Terry.
17:57 of 3rd period - Puck is out of play.
17:58 of 3rd period - Kevin Veilleux wins face-off versus Kyle Turris in Wolves zone.
17:58 of 3rd period - Kevin Veilleux is hit by John Erskine.
18:08 of 3rd period - Slapshot by Bruno Gervais.
18:08 of 3rd period - Shot Misses the Net.
18:10 of 3rd period - Slapshot by Dmitry Kulikov.
18:10 of 3rd period - Stopped by Jhonas Enroth with a rebound.
19:03 of 3rd period - Slapshot by Dan Fritsche.
19:03 of 3rd period - Stopped by Jhonas Enroth with a rebound.
19:05 of 3rd period - Snap shot by Nate Guenin.
19:05 of 3rd period - Stopped by Jhonas Enroth with a rebound.
19:07 of 3rd period - Snap shot by Geoff Paukovich.
19:07 of 3rd period - Stopped by Jhonas Enroth without a rebound.
19:08 of 3rd period - Kyle Turris wins face-off versus Nathan Davis in Sewer Rats zone.
19:46 of 3rd period - Slapshot by Matt Gilroy.
19:46 of 3rd period - Stopped by Jhonas Enroth with a rebound.
Goals for this period are 1 for Wolves vs 1 for Sewer Rats.
Shots for this period are 15 for Wolves vs 13 for Sewer Rats.
Output by the SimonT Hockey Simulator (STHS) for Pascal Landry -- Original Page W3C XHTML 1.0 Valid